 Dungeon Crawl Stone Soup version 0.22.1-1-ga44c0e56f4 (webtiles) character file.

55 Kaderl the Grave Robber (level 4, -3/30 HPs)
             Began as a Human Necromancer on Oct 12, 2018.
             Slain by a gnoll
             ... wielding a +0 spear
              (5 damage)
             ... on level 2 of the Dungeon.
             The game lasted 00:07:43 (1481 turns).

Kaderl the Grave Robber (Human Necromancer)         Turns: 1481, Time: 00:07:44

Health: -3/30      AC:  4    Str:  8    XL:     4   Next: 14%
Magic:  0/8        EV: 12    Int: 17    God:
Gold:   96         SH:  0    Dex: 13    Spells: 6/8 levels left

rFire    . . .     SeeInvis .   o - +0 dagger
rCold    . . .     Gourm    .   (no shield)
rNeg     . . .     Faith    .   j - +0 robe
rPois    .         Spirit   .   (no helmet)
rElec    .         Reflect  .   (no cloak)
rCorr    .         Harm     .   e - +1 pair of gloves
MR       .....                  (no boots)
Stlth    ++........             (no amulet)
HPRegen  0.10/turn              (no ring)
MPRegen  0.11/turn              (no ring)

@: no status effects
A: no striking features
a: no special abilities


You were on level 2 of the Dungeon.
You were not hungry.

You visited 1 branch of the dungeon, and saw 2 of its levels.

You collected 96 gold pieces.

Inventory:

Hand Weapons
 o - a +0 dagger (weapon)
Armour
 e - a +1 pair of gloves (worn)
 j - a +0 robe (worn)
Jewellery
 k - an uncursed ring of resist corrosion {unknown}
Wands
 m - a wand of flame (37)
Scrolls
 p - a scroll of teleportation {unknown}
 q - a scroll of identify
Potions
 b - a potion of flight {unknown}
 d - 3 potions of curing {unknown}
 f - 2 potions of brilliance {unknown}
 g - a potion of heal wounds {unknown}
 h - a potion of cancellation {unknown}
 i - a potion of haste {unknown}
 l - a potion of might {unknown}
 n - a potion of degeneration {unknown}
Comestibles
 a - 4 chunks of flesh
 c - 5 rations


   Skills:
 + Level 2.2 Dodging
 + Level 2.1 Stealth
 + Level 0.1 Unarmed Combat
 + Level 2.7 Spellcasting
 + Level 4.7 Necromancy


You had 6 spell levels left.
You knew the following spells:

 Your Spells              Type           Power        Failure   Level  Hunger
a - Pain                  Necr           ###.         2%          1    #......
b - Animate Skeleton      Necr           N/A          2%          1    #......

Your spell library contained the following spells:

 Spells                   Type           Power        Failure   Level  Hunger
 Vampiric Draining        Necr           ###.......   8%          3    ###....
 Regeneration             Chrm/Necr      ##........   21%         3    ###....
 Animate Dead             Necr           N/A          26%         4    #####..


Dungeon Overview and Level Annotations

Branches:
Dungeon (2/15)

Altars:


Message History

Confirm with . or Enter, or press ? or * to list all spells.
Aiming: Pain (safe; 2% risk of failure)
Press: ? - help, Shift-Dir - straight line, f/p - gnoll
Aim: a gnoll, wielding a spear (heavily wounded, chance to defeat MR: 84%)
The gnoll writhes in agony!
The gnoll hits you from afar with a spear.
The gnoll hits you but does no damage.
Your adder skeleton struggles against the net.
The rat bites you.
Casting: Pain (safe; 2% risk of failure)
Confirm with . or Enter, or press ? or * to list all spells.
Aiming: Pain (safe; 2% risk of failure)
Press: ? - help, Shift-Dir - straight line, f/p - gnoll
Aim: a gnoll, wielding a spear (heavily wounded, chance to defeat MR: 84%)
The gnoll writhes in agony!
The gnoll hits you from afar with a spear!
* * * LOW HITPOINT WARNING * * *
Your hobgoblin skeleton barely misses the rat.
The gnoll hits you from afar with a spear.
You die...

.##..............
.............##.###.# .#
##..#............#####
.##...#.....##.####......
.<..###.........#........
...###..###.....#........
.........................
.......#####......g......
.......# ###..@.gZ.....
.....### #..rZ..)....
...### #........... ...#
#........... ...#
#........... ...#
#........... ####
#........... #...........
#########...


You could see 2 gnolls, a rat, a friendly adder skeleton (caught) and a friendly
hobgoblin skeleton.

Vanquished Creatures
  2 adders (D:2)
  2 dart slugs (D:1)
  A bat (D:1)
  A giant cockroach (D:1)
  4 goblins
  3 hobgoblins (D:1)
  3 jackals (D:1)
  A kobold (D:1)
  2 frilled lizards (D:2)
  A rat (D:1)
20 creatures vanquished.

Vanquished Creatures (collateral kills)
  A gnoll (D:2)
  A worm (D:2)
  A hobgoblin (D:2)
3 creatures vanquished.

Grand Total: 23 creatures vanquished

Notes
Turn   | Place    | Note
-------+----------+-------------------------------------------
     0 | D:1      | Kaderl the Human Necromancer began the quest for the Orb.
     0 | D:1      | Reached XP level 1. HP: 13/13 MP: 3/3
     3 | D:1      | Learned a level 1 spell: Animate Skeleton
   270 | D:1      | Reached XP level 2. HP: 7/19 MP: 0/5
  1101 | D:1      | Reached XP level 3. HP: 18/24 MP: 1/6
  1422 | D:2      | Reached XP level 4. HP: 24/30 MP: 4/7
  1481 | D:2      | Slain by a gnoll

Action                   |  1- 3 |  4- 6 || total
-------------------------+-------+-------++-------
Melee: Unarmed           |     6 |       ||     6
       Dagger            |    18 |       ||    18
 Cast: Pain              |    38 |     9 ||    47
       Animate Skeleton  |     7 |     1 ||     8
Evoke: Wand              |     1 |       ||     1
  Use: Scroll            |     2 |       ||     2
  Eat: Chunk             |     2 |       ||     2
Armor: Robe              |     8 |     4 ||    12
Dodge: Dodged            |    22 |     6 ||    28
